 Dungeon Crawl Stone Soup version 0.30-a0-250-g41c1d76940 (webtiles) character file.

Game seed: 4164271187037838672

95 sscrono2 the Sneak (level 4, -1/31 HPs)
             Began as an Octopode Delver on Oct 12, 2022.
             Killed by divine providence
             ... invoked by an orc priest
              (10 damage)
             ... on level 5 of the Dungeon.
             The game lasted 00:00:58 (188 turns).

sscrono2 the Sneak (Octopode Delver)                 Turns: 188, Time: 00:00:58

Health: -1/31      AC:  1    Str: 13    XL:     4   Next: 65%
Magic:  4/4        EV: 13    Int: 12    God:
Gold:   0          SH:  0    Dex: 13    Spells: 3/3 levels left

rFire   . . .      SeeInvis .      - Unarmed
rCold   . . .      Faith    .    (no shield)
rNeg    . . .      Spirit   .    (helmet restricted)
rPois   .          Reflect  .    (no amulet)
rElec   .          Harm     .    (no ring)
rCorr   .          Rampage  .    (no ring)
Will    .....                    (no ring)
Stlth   ++++......               (no ring)
HPRegen 0.25/turn                (no ring)
MPRegen 0.09/turn                (no ring)
                                 (no ring)
                                 (no ring)

@: no status effects
A: almost no armour, amphibious, 8 rings, camouflage 1, gelatinous body 1,
(nimble swimmer 1), tentacles
a: no special abilities


You were on level 5 of the Dungeon.
You visited 1 branch of the dungeon, and saw 1 of its levels.

Inventory:

Wands
 e - a wand of digging (3)
Scrolls
 a - a scroll of fog
 b - a scroll of magic mapping
 c - a scroll of fear
Potions
 d - a potion of haste
 f - a potion of curing {unknown}
 g - a potion of mutation {unknown}


   Skills:
 - Level 3.0 Fighting
 - Level 2.0 Dodging
 - Level 6.6 Stealth
 + Level 4.7 Unarmed Combat


You had 3 spell levels left.
You didn't know any spells.
Your spell library was empty.

Dungeon Overview and Level Annotations

Branches:
Dungeon (5/15)
 Temple: D:4-7

Altars:


Innate Abilities, Weirdness & Mutations

You cannot wear most types of armour.
You are amphibious.
You can wear up to eight rings at the same time.
Your skin changes colour to match your surroundings (Stealth+).
Your rubbery body absorbs attacks. (AC +1, EV +1)
((You are camouflaged when in or above water. (Stealth+)))
You have tentacles for arms and can constrict up to eight enemies at once.


Message History

An orc comes into view. It is wielding a +0 whip.
The orc shouts!
You closely miss the orc. Your grab misses the orc.
Your squeeze misses the orc. The orc barely misses you.
You tentacle-slap the orc. You grab the orc.
The orc is heavily wounded.
You constrict the orc, but do no damage.
The orc hits you with a +0 hand axe!
You tentacle-slap the orc.
You kill the orc!
Things that are here:
a +0 hand axe; a +0 scale mail You tentacle-slap the orc priest but do no damage.
You grab the orc priest. You constrict the orc priest.
The orc priest completely misses you.
You tentacle-slap the orc priest but do no damage.
The orc priest is lightly wounded.
You constrict the orc priest, but do no damage.
The orc priest looks satisfied for a moment.
You tentacle-slap the orc priest.
The orc priest is lightly wounded.
You constrict the orc priest.
The orc priest hits you with a +0 dagger.
You tentacle-slap the orc priest.
The orc priest is severely wounded.
You constrict the orc priest.
The orc priest hits you with a +0 dagger.
You tentacle-slap the orc priest but do no damage.
The orc priest is severely wounded.
You constrict the orc priest.
The orc priest hits you with a +0 dagger.
The orc hits you with a +0 whip.
* * * LOW HITPOINT WARNING * * *
Unknown command.
You tentacle-slap the orc priest but do no damage.
The orc priest is almost dead.
You constrict the orc priest.
The orc priest calls down the wrath of Beogh upon you.
Beogh smites you!
You die...

........# .#####.# #.[...[.#
.......# # #.......# #..
.....o# .. #.......# ..
.....# #[..l.##.......+ ..
....# #.....# #......# .#####
...# #..⌠..# #......# ......
#..# #.....###......###......
#..# ......o@o...............
.
#..####....###..†...##.).....
....##..###...#
########...<....
..........#...#
######.#......
....#####.....#
#......#...... .... ###†####
#.######......
....#######....# #.# ...... .
........####)#####.# ......
................#..# ......


You could see an orc priest and an orc.

Vanquished Creatures
  An orc priest (D:5)
  2 hounds (D:5)
  An orc (D:5)
  2 jackals (D:5)
6 creatures vanquished.

Notes
Turn   | Place    | Note
-------+----------+-------------------------------------------
     0 | D:5      | sscrono2 the Octopode Delver began the quest for the Orb.
     0 | D:5      | Reached XP level 1. HP: 16/16 MP: 1/1
    34 | D:5      | Noticed a hound
    41 | D:5      | Killed a hound
    42 | D:5      | Reached XP level 2. HP: 18/21 MP: 2/2
    42 | D:5      | Reached XP level 3. HP: 23/26 MP: 3/3
    86 | D:5      | Reached XP level 4. HP: 16/31 MP: 4/4
   188 | D:5      | Killed from afar by an orc priest

Illustrated notes

Levels and vault maps discovered:
D:5:      layout_basic, eat_drink_and_be_merry_uskayaw, solitary_fountain

Skill      XL: |  1  2  3 |
---------------+----------+-----
Unarmed Combat | 3 4 |  4.7
Fighting       | |  3.0
Dodging        | |  2.0
Stealth        | |  6.6

Action                   |  1- 3 |  4- 6 || total
-------------------------+-------+-------++-------
Melee: Unarmed           |    13 |    12 ||    25
       Tentacles         |     6 |     1 ||     7
       Constrict         |     3 |     3 ||     6
Armor: Skin              |     2 |       ||     2
Dodge: Dodged            |     6 |     3 ||     9

Table legend: (Time is in decaauts)
 A = Elapsed time spent in this place.
 B = Non-inter-level travel time spent in this place.
 C = Inter-level travel time spent in this place.
 D = Time resting spent in this place.
 E = Time spent auto-exploring this place.
 F = Levels seen in this place.
 G = Mean time per level.
                   A        B        C        D        E       F      G
               +--------+--------+--------+--------+--------+-----+--------+
         Total |    186 |    186 |      0 |     64 |     61 |   1 |  186.0 |
       Dungeon |    186 |    186 |      0 |     64 |     61 |   1 |  186.0 |
               +--------+--------+--------+--------+--------+-----+--------+

Top non-repeatable levels by time:
     D:5: 186 daAuts
